Map: Ulzaan

Players

Odin - Winner!

  • Race: Zerg Zerg
  • League: Gold
  • Spawn Location: 3:00

keyser - Winner!

  • Race: Terran Terran
  • Spawn Location: 1:00

Andre

  • Race: Terran Terran
  • Spawn Location: 11:00

Mathias

  • Race: Protoss Protoss
  • Spawn Location: 9:00

VOD

Have the link to the VOD?

Description

Time

  • Played on: Aug. 29, 2018, 6:28 a.m.
  • Length: 5:08
Show
View Real Time Build Order
Export as new Build Order

Odin Zerg - Winner!

Build Orders: Pool First, Zergling Baneling 

Get SALT Encoding   

  12  0:02  Drone  
  13  0:24  Spawning Pool  
  12  0:35  Extractor  
  11  0:37  Overlord  
  11  0:39  Drone  
  13  1:04  Drone x3  
  15  1:22  Zergling x2  
  16  1:33  Drone  
  17  1:43  Zergling x2  
  18  1:48  Baneling Nest  
  18  1:50  Hatchery  
  16  1:59  Metabolic Boost  
  16  2:13  Queen  
  18  2:36  Zergling x6  
  21  2:47  Zergling x2  
  22  3:05  Zergling x4  
  22  3:14  Zergling x2  
  22  3:15  Zergling x2  
  24  3:23  Zergling x2  
  25  3:33  Drone x2  
  24  3:47  Spore Crawler  
  23  3:50  Drone x3  
  26  3:57  Zergling x2  
  26  3:58  Zergling x2  
  26  4:13  Zergling x4  
  26  4:15  Overlord  
  27  4:28  Overlord  
  27  4:29  Overlord  
Show
View Real Time Build Order
Export as new Build Order

keyser Terran - Winner!

Build Orders:  

Get SALT Encoding   

  12  0:02  SCV  
  13  0:16  Supply Depot  
  13  0:22  SCV  
  14  0:31  Refinery  
  14  0:35  SCV  
  15  0:45  Barracks  
  15  0:50  SCV  
  16  1:02  SCV  
  17  1:16  SCV  
  18  1:22  Barracks  
  18  1:29  SCV  
  19  1:33  Reaper  
  19  1:34  Supply Depot  
  20  1:44  Orbital Command  
  20  1:52  Refinery  
  20  2:06  Barracks Tech Lab  
  20  2:16  Marine  
  21  2:23  Factory  
  21  2:34  Barracks Reactor  
  21  2:49  Stimpack  
  21  2:56  Command Center  
  21  3:44  Marine x2  
  21  3:46  Factory Tech Lab  
  23  3:52  Starport  
  23  3:57  Engineering Bay  
  23  4:02  Marine x2, Engineering Bay  
  25  4:07  Supply Depot  
  25  4:16  Orbital Command  
  25  4:19  Marine  
  25  4:21  SCV  
  27  4:33  SCV  
  27  4:45  SCV  
Show
View Real Time Build Order
Export as new Build Order

Andre Terran 

Build Orders:  

Get SALT Encoding   

  12  0:02  SCV  
  13  0:19  Supply Depot  
  13  0:25  Refinery  
  13  0:26  SCV  
  14  0:38  SCV  
  15  0:45  Barracks  
  15  0:55  SCV  
  16  1:12  SCV  
  17  1:33  Orbital Command  
  17  1:39  Marine  
  18  1:48  Command Center  
  18  1:58  Barracks Reactor  
  18  2:30  SCV  
  19  2:37  Marine x2  
  19  2:42  SCV  
  22  2:51  Factory  
  22  2:54  SCV  
  23  2:59  Marine x2  
  23  3:01  Engineering Bay  
  23  3:17  Marine x2  
  25  3:35  Marine x2  
  26  3:45  SCV  
  27  3:50  Widow Mine  
  29  4:00  Starport  
  29  4:04  Orbital Command  
  23  4:11  Widow Mine  
  23  4:12  Marine x2  
  27  4:30  Marine x2  
  29  4:33  Widow Mine  
Show
View Real Time Build Order
Export as new Build Order

Mathias Protoss 

Build Orders: Oracle Opening 

Get SALT Encoding   

  12  0:01  Probe  
  13  0:13  Probe  
  14  0:24  Pylon  
  14  0:25  Probe  
  15  0:30  Assimilator  
  15  0:38  Probe  
  16  0:46  Probe  
  16  0:50  Gateway  
  16  0:55  Probe  
  17  1:03  Probe  
  19  1:11  Probe  
  19  1:12  Pylon  
  20  1:34  Assimilator  
  20  1:39  Cybernetics Core  
  20  1:46  Probe  
  21  1:55  Pylon  
  21  1:58  Probe  
  22  2:23  Stargate  
  22  2:24  Probe  
  22  2:32  Stalker  
  22  2:36  Probe  
  25  2:58  Oracle  
  25  3:03  Nexus  
  25  3:07  Assimilator  
  25  3:11  Assimilator  
  28  3:13  Pylon  
  19  3:47  Probe  
  19  3:55  Probe  
  20  4:01  Forge  
  20  4:02  Pylon  
  21  4:05  Probe  
  22  4:14  Zealot  
  24  4:17  Probe  
  21  4:29  Probe  
  16  4:41  Probe  
Tags
 
Add a new tag
Caveats
  • Supply blocks, unpowered buildings, or Contaminate may cause inaccurate times.
  • Supply counts are checked every 10 seconds.